 Dungeon Crawl Stone Soup version 0.25-a0-474-ga8a2ee3166 (webtiles) character file.

Game seed: 2554723625690766297, levelgen mode: deterministic

119 funkygono the Ruffian (level 4, -2/44 HPs)
             Began as a Troll Fighter on Feb 6, 2020.
             Killed by nerve-wracking pain
             ... invoked by Grinder
              (4 damage)
             ... on level 3 of the Dungeon.
             The game lasted 00:03:51 (1213 turns).

funkygono the Ruffian (Troll Fighter)               Turns: 1213, Time: 00:03:52

Health: -2/44      AC:  6    Str: 24    XL:     4   Next: 74%
Magic:  3/3        EV:  8    Int:  4    God:
Gold:   130        SH: 10    Dex: 10    Spells: 3/3 levels left

rFire    . . .     SeeInvis +     - Unarmed
rCold    . . .     Gourm    +   b - +1 shield
rNeg     . . .     Faith    .   a - +0 robe
rPois    .         Spirit   .   (helmet restricted)
rElec    .         Reflect  .   (no cloak)
rCorr    .         Harm     .   (gloves unavailable)
MR       .....                  (boots unavailable)
Stlth    +.........             (no amulet)
HPRegen  0.54/turn              h - ring of see invisible
MPRegen  0.08/turn              (no ring)

@: no status effects
A: large, unfitting armour, claws 3, fast metabolism 3, gourmand, regeneration
1, shaggy fur 1, tough skin 3
a: no special abilities


You were on level 3 of the Dungeon.
You were very full.

You visited 1 branch of the dungeon, and saw 3 of its levels.

You collected 130 gold pieces.

Inventory:

Missiles
 e - 5 stones (quivered)
Armour
 a - a +0 robe (worn)
 b - a +1 shield (worn)
Jewellery
 h - a ring of see invisible (left claw)
Scrolls
 g - a scroll of teleportation
Potions
 c - 4 potions of might
 f - a potion of magic
 l - a potion of agility {unknown}
 m - a potion of haste {unknown}
 n - a potion of curing {unknown}
Comestibles
 d - 8 rations


   Skills:
 * Level 2.9 Fighting
 + Level 2.9 Dodging
 + Level 3.0 Shields
 * Level 3.5 Unarmed Combat


You had 3 spell levels left.
You didn't know any spells.
Your spell library was empty.

Dungeon Overview and Level Annotations

Branches:
Dungeon (3/15)

Altars:

Annotations:
D:3 Grinder


Innate Abilities, Weirdness & Mutations

You are too large for most types of armour.
You have claws for hands.
Your metabolism is lightning-fast.
You like to eat raw meat.
Your natural rate of healing is unusually fast.
You are covered in fur. (AC +1)
You have extremely tough skin. (AC +3)


Message History

Grinder says, "I used to sell toenails on the black market."
The gnoll hits you but does no damage.
You closely miss the gnoll.
The gnoll is severely wounded.
The gnoll hits you but does no damage. Grinder hits you but does no damage.
The gnoll hits you but does no damage.
You claw the gnoll!
You kill the gnoll!
The gnoll closely misses you. Grinder hits you.
You scratch Grinder but do no damage. Grinder hits you but does no damage.
The gnoll hits you from afar with a +0 halberd!
* * * LOW HITPOINT WARNING * * *
You closely miss Grinder. You block Grinder's attack.
The gnoll hits you from afar with a +0 halberd!
* * * LOW HITPOINT WARNING * * *
You claw Grinder!
Grinder is moderately wounded.
Grinder gestures at you. Pain shoots through your body!
You die...

#######
#########.....#
#........<....#
#.....).#....[#
#..####@#5g...#
#5#..g..#
........g......#
#..####.#......#
....####.# #.#.#
.# ..# .## .


You could see Grinder and a gnoll.

Vanquished Creatures
  3 gnolls (D:3)
  2 adders (D:2)
  An ooze (D:1)
  3 worms (D:2)
  3 dart slugs
  3 leopard geckos (D:1)
  5 bats
  3 giant cockroaches (D:1)
  5 goblins
  4 hobgoblins
  6 jackals (D:1)
  5 kobolds
  2 ball pythons (D:1)
  3 frilled lizards
  3 rats
51 creatures vanquished.

Notes
Turn   | Place    | Note
-------+----------+-------------------------------------------
     0 | D:1      | funkygono the Troll Fighter began the quest for the Orb.
     0 | D:1      | Reached XP level 1. HP: 22/22 MP: 0/0
    85 | D:1      | Reached XP level 2. HP: 29/29 MP: 1/1
   297 | D:1      | Reached XP level 3. HP: 36/36 MP: 2/2
   867 | D:2      | Reached XP level 4. HP: 44/44 MP: 3/3
  1194 | D:3      | Noticed Grinder
  1212 | D:3      | HP: 1/44 [gnoll/+0 halberd (12)]
  1213 | D:3      | Killed from afar by Grinder

Levels and vault maps discovered:
D:1:      minmay_arrival_up_and_down, layout_rooms
D:2:      layout_basic, serial_glass, glass_columns_a, glass_columns_c
D:3:      layout_basic, marbit_many_paths, overflow_temple_1_default,
          uniq_jessica, uniq_ijyb, uniq_robin, uniq_grinder

Skill      XL: |  1  2  3  4 |
---------------+-------------+-----
Unarmed Combat | 3 |  3.5
Shields        | 3 |  3.0
Fighting       | |  2.9
Dodging        | |  2.9

Action                   |  1- 3 |  4- 6 || total
-------------------------+-------+-------++-------
Melee: Unarmed           |   120 |    26 ||   146
  Use: Scroll            |     5 |     1 ||     6
  Eat: Chunk             |    14 |     2 ||    16
Armor: Robe              |    48 |     7 ||    55
Dodge: Dodged            |    39 |     4 ||    43
Block: Shield            |    59 |    14 ||    73

Table legend:
 A = Non-vault XP
 B = Vault XP
 C = Vault XP percentage of total XP
 D = Non-vault monster count
 E = Vault monster count
 F = Vault count percentage of total count
                 A         B        C        D         E       F
            +---------+---------+-------+---------+---------+-------
      Total |     171 |       0 |   0.0 |      51 |       0 |   0.0
            +---------+---------+-------+---------+---------+-------
        D:1 |      71 |       0 |   0.0 |      33 |       0 |   0.0
        D:2 |      57 |       0 |   0.0 |      15 |       0 |   0.0
        D:3 |      43 |       0 |   0.0 |       3 |       0 |   0.0
            +---------+---------+-------+---------+---------+-------
